 Dungeon Crawl Stone Soup version 0.31-a0-818-ge7c7cf74f0 (webtiles) character file.

Game seed: 1298801082549715486

742 lunkers the Martial Artist (level 8, -4/59 HPs)
             Began as a Meteoran Shapeshifter on Sept 22, 2023.
             Was a Believer of Qazlal.
             Slain by Pikel
             ... wielding a +1 whip of electrocution
              (9 damage)
             ... on level 5 of the Dungeon.
             The game lasted 00:04:04 (1688 turns).

lunkers the Martial Artist (Meteoran Shapeshifter)  Turns: 1688, Time: 00:04:05

Health: -4/59      AC:  5    Str: 15    XL:     8   Next: 26%
Magic:  9/9        EV: 11    Int: 11    God:    Qazlal [**....]
Gold:   269        SH:  3    Dex: 17    Spells: 7/7 levels left

rFire   . .          .
                       - Unarmed
rCold   . . .        (no shield)
rNeg    . . .        n - +0 ring mail
rPois   .            (helmet currently unavailable)
rElec   .            (cloak currently unavailable)
rCorr   .            (gloves currently unavailable)
SInv    .            (boots currently unavailable)
Will    +....        s - amulet of the acrobat
Stlth   +            (no ring)
HPRegen 0.29/turn    (no ring)
MPRegen 0.11/turn

%: acrobat
@: beast-form, glowing
A: beast (slay +3), sense surroundings 1, otherworldly, glowing, explore regen
a: Begin Untransformation, Renounce Religion, Upheaval


You were on level 5 of the Dungeon.
You worshipped Qazlal.
Qazlal was pleased with you.
You were a hulking beast.
You visited 1 branch of the dungeon, and saw 5 of its levels.

You collected 269 gold pieces.

Inventory:

Hand Weapons
 v - a +4 rapier
Armour
 a - a +0 animal skin
 n - a +0 ring mail (worn)
 o - a +0 pair of gloves
 p - a +0 cloak
 x - a scarf of repulsion
Jewellery
 s - an amulet of the acrobat (around neck)
Talismans
 c - a beast talisman (active)
 d - a flux talisman
Scrolls
 b - 2 scrolls of enchant armour {unknown}
 g - a scroll of vulnerability {unknown}
 i - 2 scrolls of teleportation {unknown}
 l - a scroll of identify {unknown}
 q - a scroll of summoning {unknown}
 u - a scroll of torment {unknown}
Potions
 e - a potion of heal wounds
 f - a potion of brilliance {unknown}
 h - a potion of mutation {unknown}
 j - a potion of attraction {unknown}
 k - a potion of degeneration {unknown}
 m - a potion of enlightenment {unknown}
 r - a potion of ambrosia {unknown}
 t - a potion of might {unknown}
 w - a potion of curing {unknown}


   Skills:
 - Level 1.1 Fighting
 - Level 2.1 Dodging
 * Level 8.9 Unarmed Combat
 + Level 6.4 Shapeshifting


You had 7 spell levels left.
You didn't know any spells.
Your spell library contained the following spells:

 Spells                   Type           Power      Damage    Failure   Level
 Magic Dart               Conj           0%         1d3       56%         1
 Call Imp                 Summ           0%         N/A       71%         2
 Mephitic Cloud           Conj/Pois/Air  0%         N/A       91%         3


Dungeon Overview and Level Annotations

Branches:
Dungeon (5/15) Zot: 1322
 Temple: D:4-7

Altars:
Qazlal

Shops:
D:5 ?

Annotations:
D:5 Pikel


Innate Abilities, Weirdness & Mutations

You are a hulking beast.
Your limbs bulge with bestial killing power. (Slay +3)
You passively map a small area around you.
You are easily found by Zot.
You glow in the dark.
You regain HP and MP as you explore.


Message History

You barely miss Pikel.
Pikel is lightly wounded.
Pikel hits you with a +1 whip of electrocution.
* * * LOW HITPOINT WARNING * * *
You are electrocuted!!
* * * LOW HITPOINT WARNING * * *
Okay, then.
Okay, then.
Okay, then.
You punch Pikel!
Pikel is moderately wounded.
You closely miss Pikel.
Pikel is moderately wounded.
Pikel misses you.
You barely miss Pikel.
Pikel is moderately wounded.
Pikel closely misses you.
It was a potion of heal wounds.
You feel much better.
Pikel hits you with a +1 whip of electrocution!
* * * LOW HITPOINT WARNING * * *
You closely miss Pikel.
Pikel is moderately wounded.
Pikel says, "You'll make a fine lemure."
Pikel hits you with a +1 whip of electrocution!
* * * LOW HITPOINT WARNING * * *
You hit Pikel.
Pikel is moderately wounded.
Pikel hits you with a +1 whip of electrocution.
* * * LOW HITPOINT WARNING * * *
You barely miss Pikel.
Pikel is moderately wounded.
Pikel hits you with a +1 whip of electrocution!
* * * LOW HITPOINT WARNING * * *
You punch Pikel!
Pikel is severely wounded.
You barely miss Pikel.
Pikel is severely wounded.
Pikel hits you with a +1 whip of electrocution!
You die...
Pikel says, "See you in Hell!"

#~♣~~P~P~~≈≈~≈≈~~~~P ,
#.♣~PP♣♣~♣~~~~~~~~♣ ,
#...~~~~♣~♣♣~♣~♣♣♣~ * *
#.......~♣♣~~P♣ ~,, , ,
#...........5## *
#...........5# ,
#.........[55#
#......8.8.85##########*
#.....$.⌠.⌠.5Kh........
#...)..8.∩.8.##########
,, ...⌠.⌠..# ..8.8.8.#
###+##### * * * , , , **


You could see Pikel, 2 lemures and an ufetubus.

Vanquished Creatures
  A water moccasin (D:5)
  2 ogres (D:5)
  A phantom (D:5)
  3 hounds
  An orc priest (D:4)
  2 orc wizards (D:5)
  A sleepcap (D:4)
  10 gnolls (D:5)
  4 adders
  2 worms (D:2)
  2 dart slugs
  4 orcs
  7 ball pythons
  2 endoplasms
  2 giant cockroaches
  7 goblins
  4 hobgoblins
  4 quokkas
  5 bats
  2 frilled lizards (D:3)
  3 kobolds
  3 rats
72 creatures vanquished.

Notes
Turn   | Place    | Note
-------+----------+-------------------------------------------
     0 | D:1      | lunkers the Meteoran Shapeshifter began the quest for the
                  | Orb.
     0 | D:1      | Reached XP level 1. HP: 16/16 MP: 2/2
   124 | D:1      | Reached skill level 4 in Unarmed Combat
   124 | D:1      | Reached XP level 2. HP: 23/23 MP: 3/3
   323 | D:2      | Reached XP level 3. HP: 17/28 MP: 4/4
   533 | D:3      | Reached XP level 4. HP: 35/35 MP: 5/5
   545 | D:3      | Reached skill level 5 in Unarmed Combat
   550 | D:3      | Found a faded altar of an unknown god.
   556 | D:3      | Prayed at the altar of an unknown god.
   556 | D:3      | Became a worshipper of Qazlal Stormbringer
   556 | D:3      | Reached * piety under Qazlal
   899 | D:4      | Reached XP level 5. HP: 25/40 MP: 6/6
   996 | D:4      | Reached skill level 6 in Unarmed Combat
  1043 | D:4      | Reached XP level 6. HP: 44/47 MP: 7/7
  1067 | D:4      | Reached ** piety under Qazlal
  1201 | D:4      | Reached skill level 5 in Shapeshifting
  1284 | D:5      | Entered Level 5 of the Dungeon
  1349 | D:5      | Noticed an ogre
  1358 | D:5      | Killed an ogre
  1359 | D:5      | Reached skill level 7 in Unarmed Combat
  1392 | D:5      | Noticed an ogre
  1392 | D:5      | Noticed a water moccasin
  1405 | D:5      | Killed a water moccasin
  1406 | D:5      | Reached XP level 7. HP: 52/52 MP: 8/8
  1421 | D:5      | Reached skill level 8 in Unarmed Combat
  1465 | D:5      | Reached XP level 8. HP: 7/59 MP: 9/9
  1655 | D:5      | Found Hushix's Magic Scroll Emporium.
  1655 | D:5      | Noticed Pikel
  1688 | D:5      | Slain by Pikel

Illustrated notes

Levels and vault maps discovered:
D:1:      lightli_iron_boxes, layout_basic
D:2:      layout_rooms, grunt_ministairs_11, uniq_jessica
D:3:      layout_basic, ebering_ecumenical_altar_hall
D:4:      layout_cave_pods
D:5:      layout_basic, serial_shops,
          nicolae_shop_temple_entry_statues_fountains, serial_bayou_lake_a,
          uniq_pikel

Skill      XL: |  1  2  3  4  5  6  7 |
---------------+----------------------+-----
Unarmed Combat | 4 5 6 7 8 |  8.9
Shapeshifting  | 4 5 6 |  6.4
Fighting       | |  1.1
Dodging        | |  2.1

Action                     |  1- 3 |  4- 6 |  7- 9 || total
---------------------------+-------+-------+-------++-------
  Melee: Unarmed           |    55 |   110 |    65 ||   230
         Punch             |     1 |     4 |     5 ||    10
    Use: Potion            |       |     1 |     1 ||     2
 Armour: Animal skin       |    20 |       |       ||    20
         Ring mail         |     2 |    55 |    29 ||    86
         Skin              |       |     8 |     6 ||    14
  Dodge: Dodged            |    41 |    54 |    35 ||   130
  Block: Other             |       |     6 |     8 ||    14

Table legend: (Time is in decaauts)
 A = Elapsed time spent in this place.
 B = Non-inter-level travel time spent in this place.
 C = Inter-level travel time spent in this place.
 D = Time resting spent in this place.
 E = Time spent auto-exploring this place.
 F = Levels seen in this place.
 G = Mean time per level.
                   A        B        C        D        E       F      G
               +--------+--------+--------+--------+--------+-----+--------+
         Total |   1676 |   1641 |     35 |     15 |   1099 |   5 |  335.2 |
       Dungeon |   1676 |   1641 |     35 |     15 |   1099 |   5 |  335.2 |
               +--------+--------+--------+--------+--------+-----+--------+

Top non-repeatable levels by time:
     D:4: 501 daAuts
     D:5: 406 daAuts
     D:3: 293 daAuts
     D:1: 238 daAuts
     D:2: 236 daAuts
